 Dungeon Sprint DCSS version 0.27.1-4-g1640c2035a (webtiles) character file.

Game seed: 17636297830874687294

5162 boopmooplesden the Warrior (level 10, -1/160 HPs)
             Began as a Minotaur Abyssal Knight on Nov 16, 2021.
             Was the Champion of Lugonu.
             Slain by a boulder beetle (10 damage)
             ... in the Dungeon (Sprint VII: "The Pits").
             The game lasted 00:04:36 (1918 turns).

boopmooplesden the Warrior (MiAK)                   Turns: 1918, Time: 00:04:36

Health: -1/160     AC: 20    Str: 19    XL:     10   Next: 33%
Magic:  12/12      EV: 13    Int:  9    God:    Lugonu [******]
Gold:   0          SH:  0    Dex: 14    Spells: 9/9 levels left

rFire    . . .     SeeInvis .   i - +2 falchion (elec)
rCold    . . .     Faith    .   (no shield)
rNeg     . . .     Spirit   .   u - +4 scale mail
rPois    .         Reflect  .   (helmet restricted)
rElec    .         Harm     .   t - +0 cloak
rCorr    .         Rampage  .   (no gloves)
Will     .....     NoTele   +   s - +0 pair of boots
Stlth    ..........             (no amulet)
HPRegen  0.36/turn              o - +3 ring of dexterity
MPRegen  0.13/turn              p - +3 ring of protection

@: berserking (expiring), very quick
A: horns 2, retaliatory headbutt
a: Renounce Religion, Bend Space, Banish, Corrupt, Brand Weapon With Distortion


You were in the Dungeon.
You worshipped Lugonu.
Lugonu was exalted by your worship.
You visited 1 branch

Inventory:

Hand Weapons
 a - a +1 falchion
 i - a +2 falchion of electrocution (weapon)
 m - a +1 long sword of flaming
 r - a +2 scimitar of flaming
Armour
 b - a +0 leather armour
 n - a +3 chain mail
 s - a +0 pair of boots (worn)
 t - a +0 cloak (worn)
 u - a +4 scale mail (worn)
Jewellery
 o - a +3 ring of dexterity (left hand)
 p - a +3 ring of protection (right hand)
Scrolls
 h - a scroll of blinking
 k - 5 scrolls of amnesia
 l - a scroll of summoning
Potions
 c - 10 potions of curing
 d - 4 potions of heal wounds
 e - a potion of haste
 f - 4 potions of magic
 g - 3 potions of berserk rage
 j - 2 potions of invisibility
 q - 2 potions of might


   Skills:
 + Level 16.2 Fighting
 + Level 15.7 Long Blades
 + Level 14.0 Armour
 + Level 7.9 Dodging
 + Level 3.4 Stealth
 + Level 4.7 Invocations


You had 9 spell levels left.
You didn't know any spells.
Your spell library was empty.

Dungeon Overview and Level Annotations

Branches:
Dungeon (1/1)

Altars:


Innate Abilities, Weirdness & Mutations

You have a pair of horns on your head.
You reflexively headbutt those who attack you in melee.


Message History

The orc warrior closely misses you.
You slash the orc knight!
You headbutt the orc knight, but do no damage.
The orc knight is severely wounded.
The orc knight hits you but does no damage.
You slash the orc knight! You headbutt the orc knight!
The orc knight is almost dead.
The orc warrior hits you but does no damage.
The gnoll hits you but does no damage.
You slash the orc knight!
You kill the orc knight!
Lugonu accepts your kill.
Your Fighting skill increases to level 16!
You barely miss the gnoll. Your headbutt misses the gnoll.
Unknown command.
You slash the gnoll! You headbutt the gnoll.
You kill the gnoll!
Lugonu accepts your kill.
The orc warrior hits you with a +0 trident!
* * * LOW HITPOINT WARNING * * *
The gnoll hits you but does no damage.
You slash the orc warrior! Your headbutt misses the orc warrior.
The orc warrior is almost dead.
You hit the orc warrior.
The orc warrior is almost dead.
The orc warrior closely misses you.
You riposte.
You barely miss the orc warrior.
The orc warrior is almost dead.
You slash the orc warrior!
You kill the orc warrior!
Lugonu accepts your kill. The gnoll hits you but does no damage.
The guardian mummy closely misses you.
You slash the guardian mummy! You headbutt the guardian mummy.
You destroy the guardian mummy!
Lugonu accepts your kill.
You feel extremely nervous for a moment...
Something just walked over your grave.
No, really!
Your Armour skill increases to level 14!
The gnoll barely misses you. The boulder beetle bites you!
You die...

....##..#..#####)## ##+##
....##..#....##.))#
....##..'.....#...#
######..'.....'...+
######..'.....#...#
..[.##..#....##...#
....##..#..#####)## ##+##
..))##..####...#)######...#
..))##..##.....)@g......#
..).##..#........B.....##
##### ###############


You could see a boulder beetle and a gnoll.

Vanquished Creatures
  A lindwurm (D)
  An orc knight (D)
  A deep elf zephyrmancer (D)
  A merfolk siren (D)
  An elephant (D)
  Psyche (D)
  A demonic crawler (D)
  A guardian mummy (D)
  A tyrant leech (D)
  A redback (D)
  A flying skull (D)
  2 wargs (D)
  A floating eye (D)
  2 orc warriors (D)
  A swamp drake (D)
  An ice beast (D)
  2 sky beasts (D)
  A necrophage (D)
  6 wolves (D)
  A scorpion (D)
  A gnoll sergeant (D)
  5 wights (D)
  A quasit (D)
  An iguana (D)
  2 mummies (D)
  4 gnolls (D)
  A river rat (D)
  2 white imps (D)
  2 ufetubi (D)
  A worm (D)
  2 orcs (D)
  A bat (D)
  A hobgoblin (D)
  7 jackals (D)
  A kobold (D)
  A ball python (D)
  A quokka skeleton (D)
62 creatures vanquished.

Notes
Turn   | Place    | Note
-------+----------+-------------------------------------------
     0 | D        | boopmooplesden the Minotaur Abyssal Knight began the quest
                  | for the Orb.
     0 | D        | Reached XP level 1. HP: 19/19 MP: 1/1
     8 | D        | Noticed a floating eye
    11 | D        | Paralysed by a floating eye for 2 turns
    16 | D        | Killed a floating eye
    17 | D        | Reached skill level 9 in Fighting
    17 | D        | Reached skill level 5 in Long Blades
    17 | D        | Reached XP level 2. HP: 37/37 MP: 1/3
    17 | D        | Reached XP level 3. HP: 42/42 MP: 1/4
    17 | D        | Reached XP level 4. HP: 50/50 MP: 1/5
    50 | D        | Reached ** piety under Lugonu
    60 | D        | Reached *** piety under Lugonu
    68 | D        | Noticed a warg
    85 | D        | Killed a warg
    85 | D        | Reached **** piety under Lugonu
    86 | D        | Reached skill level 10 in Fighting
    86 | D        | Reached skill level 5 in Armour
    86 | D        | Reached XP level 5. HP: 19/59 MP: 6/6
   361 | D        | Reached skill level 11 in Fighting
   361 | D        | Reached XP level 6. HP: 60/68 MP: 7/7
   369 | D        | Noticed an ice beast
   373 | D        | Reached skill level 12 in Fighting
   374 | D        | Killed an ice beast
   374 | D        | Reached ***** piety under Lugonu
   382 | D        | Reached XP level 7. HP: 42/78 MP: 7/9
   547 | D        | Noticed a merfolk siren
   558 | D        | Killed a merfolk siren
   559 | D        | Reached skill level 13 in Fighting
   559 | D        | Reached skill level 10 in Long Blades
   559 | D        | Reached skill level 5 in Dodging
   559 | D        | Reached skill level 1 in Stealth
   746 | D        | Noticed a flying skull
   773 | D        | Killed a flying skull
   774 | D        | Reached XP level 8. HP: 40/88 MP: 10/10
   974 | D        | Noticed a tyrant leech
   982 | D        | Reached skill level 14 in Fighting
  1013 | D        | Killed a tyrant leech
  1013 | D        | Reached ****** piety under Lugonu
  1341 | D        | Reached skill level 10 in Armour
  1352 | D        | Reached XP level 9. HP: 94/96 MP: 11/11
  1372 | D        | Noticed an elephant
  1372 | D        | Noticed a deep elf zephyrmancer
  1373 | D        | Noticed a demonic crawler
  1388 | D        | Killed a demonic crawler
  1389 | D        | Reached skill level 15 in Fighting
  1396 | D        | Killed a deep elf zephyrmancer
  1404 | D        | Killed an elephant
  1645 | D        | Noticed a lindwurm
  1645 | D        | Noticed Psyche
  1652 | D        | Killed Psyche
  1663 | D        | Killed a lindwurm
  1664 | D        | Reached skill level 15 in Long Blades
  1664 | D        | Reached XP level 10. HP: 64/107 MP: 12/12
  1862 | D        | Noticed a boulder beetle
  1866 | D        | Noticed an orc knight
  1911 | D        | Killed an orc knight
  1912 | D        | Reached skill level 16 in Fighting
  1913 | D        | HP: 8/160 [orc warrior[an orc knight] (8)]
  1918 | D        | Slain by a boulder beetle

Illustrated notes

Levels and vault maps discovered:
D:        pitsprint [storerooms_1, entrance_room_1, metal_vault_1, armoury_1,
          mini_pit_1, grid_room_1, main_hall_1, silver_pit, the_coven_3,
          the_vestibule_1, steel_vault_2, golden_pit, hallway_of_sentries,
          crystal_vault_2, iron_vault_1, final_vault]

Skill      XL: |  1  2  3  4  5  6  7  8  9 10 |
---------------+-------------------------------+-----
Fighting       | 9 10 11 12 13 14 15 16 | 16.2
Long Blades    | 5 7 9 11 12 15 | 15.7
Armour         | 4 5 6 8 10 13 14 | 14.0
Invocations    | 3 4 |  4.7
Dodging        | 2 3 4 5 6 7 |  7.9
Stealth        | 1 2 3 |  3.4

Action                   |  1- 3 |  4- 6 |  7- 9 | 10-12 || total
-------------------------+-------+-------+-------+-------++-------
Melee: Falchion          |     6 |    38 |   167 |    35 ||   246
       Headbutt          |       |     8 |    30 |    13 ||    51
Invok: Bend Space        |       |       |       |     2 ||     2
  Use: Potion            |       |     1 |     2 |     2 ||     5
Armor: Leather armour    |       |     9 |       |       ||     9
       Chain mail        |       |     3 |    43 |       ||    46
       Scale mail        |       |       |    45 |    17 ||    62
Dodge: Dodged            |       |    18 |    58 |    29 ||   105
       Rpst.: Falchion   |       |     5 |    13 |     9 ||    27
